 Dungeon Crawl Stone Soup version 0.16.2-12-gd0ad4c3 (webtiles) character file.

42 faibistes the Magician (level 3, -3/19 HPs)
             Began as a Deep Elf Wizard on Feb 18, 2019.
             Slain by a phantom (9 damage)
             ... on level 4 of the Dungeon.
             The game lasted 00:04:18 (1806 turns).

faibistes the Magician (Deep Elf Wizard)            Turns: 1806, Time: 00:04:18

Health: -3/19      AC:  8    Str:  4    XL:     3   Next: 33%
Magic:  0/14       EV: 13    Int: 23    God:
Gold:   35         SH:  0    Dex: 13    Spells: 5 memorised, 1 level left

rFire  + . .     SeeInvis .     m - +1 dagger (protect)
rCold  . . .     Clarity  .     a - +0 robe
rNeg   . . .     SustAb   .     (no shield)
rPois  .         Gourm    .     b - +1 hat
rElec  .         Spirit   .     (no cloak)
rCorr  .         Warding  .     (no gloves)
rMut   .         Stasis   .     (no boots)
MR     .....                    o - amulet of rage
Stlth  ++........               (no ring)
                                p - ring of protection from fire

@: very slightly contaminated, not resistant to hostile enchantments, unstealthy
A: no striking features
a: Evoke Berserk Rage


You were on level 4 of the Dungeon.
You were hungry.

You visited 1 branch of the dungeon, and saw 4 of its levels.

You collected 35 gold pieces.

Inventory:

Hand weapons
 e - a +0 club
 m - a +1 dagger of protection (weapon)
Armour
 a - a +0 robe (worn)
 b - a +1 hat (worn)
Jewellery
 o - an amulet of rage (around neck)
 p - a ring of protection from fire (left hand)
Scrolls
 h - a scroll of remove curse
Potions
 g - a potion of magic
 q - a potion of brilliance
Books
 c - a book of Minor Magic

   Spells                             Type                      Level
   a - Magic Dart                     Conjuration                  1
   b - Blink                          Translocation                2
   c - Call Imp                       Summoning                    2
   d - Repel Missiles                 Charms/Air                   2
   e - Slow                           Hexes                        2
   f - Conjure Flame                  Conjuration/Fire             3
   g - Mephitic Cloud                 Conjuration/Poison/Air       3
Comestibles
 d - 2 bread rations
 f - a chunk of flesh
 i - a beef jerky
 n - a slice of pizza


   Skills:
 + Level 2.6 Dodging
 - Level 2.4 Stealth
 * Level 5.3 Spellcasting
 * Level 2.5 Conjurations
 - Level 1.1 Summonings
 - Level 1.1 Translocations


You had one spell level left.
You knew the following spells:

 Your Spells              Type           Power        Failure   Level  Hunger
a - Magic Dart            Conj           ###.         3%          1    None
b - Conjure Flame         Conj/Fire      ##......     17%         3    ##.....
c - Call Imp              Summ           ##......     12%         2    None
d - Blink                 Tloc           N/A          12%         2    None
e - Mephitic Cloud        Conj/Pois/Air  #.......     21%         3    ##.....


Dungeon Overview and Level Annotations

Branches:
Dungeon (4/15)
 Temple: D:4-7

Altars:

Annotations:
D:3 faibistes' ghost, average DEWz


Message History

* * * LOW HITPOINT WARNING * * *
The phantom blinks!
The phantom blinks!
Casting: Magic Dart
Confirm with . or Enter, or press ? or * to list all spells.
Aiming: Magic Dart
Press: ? - help, Shift-Dir - straight line, f/p - phantom
Aim: a phantom (heavily damaged)
The magic dart hits the phantom.
The phantom is heavily damaged.
Casting: Magic Dart
Confirm with . or Enter, or press ? or * to list all spells.
Aiming: Magic Dart
Press: ? - help, Shift-Dir - straight line, f/p - phantom
Aim: a phantom (heavily damaged)
You miscast Magic Dart.
Nothing appears to happen.
You hit the phantom.
The phantom is severely damaged.
The phantom hits you!
You die...

# .# ######.
..... #
#..#######.#
#W.......#.#
#@.........#
#.#<..##.###
#.#.......#
#.#..#.#..#
.....#.# .#
##.#....#
...#....#
######..#
....


You could see a phantom.

Vanquished Creatures
  2 giant geckos (D:1)
  An orc (D:3)
  A ball python (D:1)
  2 giant cockroaches
  6 hobgoblins
  3 jackals (D:1)
  An ooze (D:1)
  7 bats
  4 giant newts (D:1)
  4 goblins
  3 kobolds (D:1)
  A rat (D:1)
35 creatures vanquished.

Notes
Turn   | Place    | Note
--------------------------------------------------------------
     0 | D:1      | faibistes, the Deep Elf Wizard, began the quest for the Orb.
     0 | D:1      | Reached XP level 1. HP: 10/10 MP: 6/6
   498 | D:1      | Reached XP level 2. HP: 15/15 MP: 3/9
   514 | D:1      | Learned a level 2 spell: Blink
   517 | D:1      | Learned a level 2 spell: Call Imp
   619 | D:3      | Noticed faibistes' ghost (average DEWz)
   947 | D:1      | Reached skill level 5 in Spellcasting
  1078 | D:1      | Reached XP level 3. HP: 19/19 MP: 12/14
  1083 | D:1      | Learned a level 3 spell: Conjure Flame
  1087 | D:1      | Learned a level 3 spell: Mephitic Cloud
  1768 | D:4      | Noticed a phantom
  1806 | D:4      | Slain by a phantom

Action                   || total
-------------------------++-------
Melee: Unarmed           ||     1
       Club              ||     3
       Dagger            ||     7
 Cast: Magic Dart        ||    92
       Conjure Flame     ||     1
  Use: Scroll            ||     7
  Eat: Chunk             ||     2
